 Dungeon Crawl Stone Soup version 0.20.0-15-g7f486f2 (console) character file.

61 removed the Grave Robber (level 3, 0/16 HPs)
             Began as a Spriggan Necromancer on June 10, 2017.
             Succumbed to an adder's poison
             ... on level 2 of the Dungeon.
             The game lasted 00:01:33 (1826 turns).

removed the Grave Robber (Spriggan Necromancer)     Turns: 1826, Time: 00:01:34

Health: 0/16       AC:  2    Str:  4    XL:     3   Next: 83%
Magic:  0/9        EV: 18    Int: 17    God:
Gold:   81         SH:  0    Dex: 16    Spells: 9/10 levels left

rFire    . . .     SeeInvis +   (weapon restricted)
rCold    . . .     Gourm    .   (shield restricted)
rNeg     . . .     Faith    .   a - +0 robe
rPois    .         Spirit   .   (helmet restricted)
rElec    .         Reflect  .   (no cloak)
rCorr    .         Harm     .   (gloves unavailable)
MR       .....                  (boots unavailable)
Stlth    ++........             (no amulet)
Regen    0.1/turn               (no ring)
MPRegen  0.2/turn               (no ring)

@: lethally poisoned (0 -> -9), very quick
A: unfitting armour, see invisible, herbivore 3, speed 3, slow metabolism 2
a: no special abilities


You were on level 2 of the Dungeon.
You were not hungry.

You visited 1 branch of the dungeon, and saw 2 of its levels.

You collected 81 gold pieces.

Inventory:

Armour
 a - a +0 robe (worn)
Scrolls
 e - a scroll of identify {unknown}
 f - a scroll of noise {unknown}
 g - a scroll of blinking {unknown}
 h - a scroll of enchant weapon {unknown}
 i - a scroll of remove curse {unknown}
 j - a scroll of fear {unknown}
Potions
 d - 3 potions of curing {unknown}
Books
 b - a book of Necromancy

   Spells                             Type                      Level
   a - Pain                           Necromancy                   1
   b - Animate Skeleton               Necromancy                   1
   c - Vampiric Draining              Necromancy                   3
   d - Regeneration                   Charms/Necromancy            3
   e - Animate Dead                   Necromancy                   4
   f - Control Undead                 Necromancy                   4
Comestibles
 c - a bread ration


   Skills:
 - Level 3.0 Dodging
 - Level 3.0 Stealth
 + Level 4.2 Spellcasting
 + Level 4.3 Necromancy


You had 9 spell levels left.
You knew the following spells:

 Your Spells              Type           Power        Failure   Level  Hunger
a - Pain                  Necr           ###.         2%          1    None


Dungeon Overview and Level Annotations

Branches:
Dungeon (2/15)

Altars:

Annotations:
D:2 Sigmund


Innate Abilities, Weirdness & Mutations

You are very small and have problems with some larger weapons.
You are too small for most types of armour.
You have supernaturally acute eyesight. (SInv)
You are a herbivore.
You cover ground extremely quickly.
You need consume almost no food.


Message History

* * * LOW HITPOINT WARNING * * *
You are lethally poisoned!
The adder poisons you!
* * * LOW HITPOINT WARNING * * *
You feel sick.
Casting: Pain
Confirm with . or Enter, or press ? or * to list all spells.
Aiming: Pain
Press: ? - help, Shift-Dir - straight line, f/p - adder
Aim: an adder (almost dead, chance to defeat MR: 82%)
The adder barely resists.
The adder closely misses you. Sigmund hits you but does no damage.
Casting: Pain
Confirm with . or Enter, or press ? or * to list all spells.
Aiming: Pain
Press: ? - help, Shift-Dir - straight line, f/p - adder
Aim: an adder (almost dead, chance to defeat MR: 82%)
The adder writhes in agony!
You kill the adder!
You die...

### #.##### ......#####
#####.....# # ########.# K#
#....# #.# ###.### #.##.# #.#
#.....#
##.##.###.#############.#.#.##
.#.##..÷........@.@..).........
.#.##.###.......#######+#.#.###
.#.##.# #######.# .# .#.##.#
#.# # .#.##.# ####### .#.##.#
##..(..## .#.##.# ##...(...##
.#.##.# #..†.<....# .#..#.#
#.⌠..†..⌠.#


You could see Sigmund.

Vanquished Creatures
  2 adders (D:2)
  A dart slug (D:1)
  A leopard gecko (D:1)
  3 ball pythons (D:1)
  A giant cockroach (D:1)
  3 hobgoblins (D:1)
  7 kobolds
  A quokka (D:2)
  7 bats
  2 frilled lizards
  4 goblins
  6 rats
38 creatures vanquished.

Vanquished Creatures (others)
  A ball python (D:2)
1 creature vanquished.

Grand Total: 39 creatures vanquished

Notes
Turn   | Place    | Note
-------+----------+-------------------------------------------
     0 | D:1      | removed the Spriggan Necromancer began the quest for the Orb.
     0 | D:1      | Reached XP level 1. HP: 9/9 MP: 5/5
   448 | D:1      | Reached XP level 2. HP: 13/13 MP: 5/7
  1146 | D:2      | Reached XP level 3. HP: 10/16 MP: 2/9
  1807 | D:2      | Noticed Sigmund
  1826 | D:2      | Succumbed to an adder's poison

Skill      XL: |  1  2  3 |
---------------+----------+-----
Spellcasting   | 3 4 |  4.2
Necromancy     | 4 |  4.3
Dodging        | |  3.0
Stealth        | |  3.0

Action                   || total
-------------------------++-------
 Cast: Pain              ||    69
Armor: Robe              ||     1
Dodge: Dodged            ||    16
